Map: Ruins of Seras

Players

Varest

  • Race: Terran Terran
  • League: Diamond

A.I. 1 (Very Easy) - Winner!

  • Race: Protoss Protoss

VOD

Have the link to the VOD?

Description

Time

  • Played on: Jan. 6, 2016, 5:51 p.m.
  • Length: 9:58
Show
View Real Time Build Order
Export as new Build Order

Varest Terran 

Build Orders: Liberator Opening, MMM Bio 

Get SALT Encoding   

  12  0:01  SCV  
  13  0:13  SCV  
  14  0:18  Supply Depot  
  14  0:25  SCV  
  15  0:40  SCV  
  15  0:41  Barracks  
  16  0:48  Refinery  
  16  0:52  SCV  
  17  1:04  SCV  
  18  1:16  SCV  
  19  1:28  Orbital Command  
  19  1:31  Barracks Reactor  
  19  1:45  Command Center  
  19  1:54  Supply Depot  
  19  1:56  SCV  
  20  2:07  Marine x2  
  20  2:08  SCV  
  22  2:20  SCV  
  22  2:22  Bunker  
  23  2:28  Factory  
  23  2:32  SCV  
  23  2:33  Marine  
  23  2:34  Marine  
  26  2:42  Refinery  
  26  2:44  SCV  
  26  2:51  Marine  
  28  2:52  Marine  
  28  2:56  SCV  
  30  3:00  Orbital Command  
  30  3:08  SCV  
  31  3:12  Starport  
  31  3:13  Factory Tech Lab  
  31  3:20  SCV, Marine  
  31  3:21  Marine  
  34  3:30  SCV  
  34  3:33  SCV  
  36  3:37  Liberator  
  36  3:38  Supply Depot  
  36  3:39  Marine x2  
  38  3:42  SCV  
  38  3:45  SCV  
  40  3:55  SCV  
  44  3:57  SCV  
  44  4:00  Cyclone  
  48  4:06  Supply Depot  
  48  4:07  SCV  
  48  4:09  SCV  
  50  4:13  Marine x2  
  52  4:19  SCV  
  52  4:23  Liberator  
  53  4:24  SCV  
  54  4:35  Command Center  
  54  4:44  Factory Tech Lab  
  57  4:53  Barracks  
  57  4:55  Barracks  
  57  4:56  SCV x2, Refinery  
  57  4:59  Refinery  
  59  5:04  Supply Depot  
  59  5:05  Supply Depot  
  59  5:08  SCV x2  
  59  5:12  Siege Tank  
  64  5:18  Engineering Bay  
  64  5:20  SCV x2  
  66  5:25  Starport Reactor  
  66  5:30  Marine x2  
  68  5:42  Stimpack  
  68  5:44  Barracks Tech Lab  
  68  5:46  Terran Infantry Weapons Level 1  
  68  5:48  Marine x2  
  68  5:49  Orbital Command  
  73  5:53  Marine  
  74  6:06  Barracks, Marine x2  
  74  6:07  Barracks  
  74  6:08  Marine  
  74  6:10  Orbital Command  
  74  6:11  Marine, Medivac x2  
  76  6:13  Siege Tank  
  82  6:22  SCV x2  
  82  6:23  Marine  
  82  6:24  Marine  
  86  6:26  Marine  
  86  6:29  Supply Depot  
  87  6:33  Combat Shields  
  87  6:34  SCV  
  87  6:35  SCV  
  87  6:38  SCV  
  90  6:41  Marine  
  90  6:46  SCV, Medivac  
  90  6:47  SCV  
  95  6:48  Medivac  
  95  6:50  SCV  
  98  6:57  Supply Depot, Barracks Tech Lab  
  98  6:58  Barracks Reactor  
  98  6:59  SCV x2  
  98  7:00  Marine x2  
  102  7:02  SCV  
  103  7:10  Armory  
  103  7:11  SCV x2, Liberator  
  103  7:14  SCV  
  106  7:15  Engineering Bay  
  106  7:23  SCV x2  
  106  7:26  SCV, Supply Depot  
  106  7:27  Medivac  
  106  7:28  Supply Depot  
  118  7:30  Supply Depot, Marine, Marauder x2  
  118  7:35  SCV x2  
  118  7:36  Siege Tank  
  124  7:38  SCV  
  124  7:43  Concussive Shells  
  125  7:44  Refinery  
  125  7:47  Refinery  
  125  7:48  SCV x2  
  127  7:53  Liberator  
  127  7:56  Marauder, Marine x5  
  127  7:57  Medivac  
  136  8:04  Marine  
  136  8:05  Supply Depot  
  137  8:07  Supply Depot  
  140  8:13  Marine  
  140  8:14  Marine x4  
  145  8:20  Marine  
  145  8:22  Marine  
  147  8:28  Supply Depot  
  147  8:29  Supply Depot  
  147  8:31  Marine x2  
  147  8:32  Marine x3  
  152  8:36  Liberator  
  152  8:39  Siege Tank  
  152  8:41  Marauder x2  
  159  8:43  Medivac  
  161  8:49  Marine x3  
  161  8:52  Supply Depot  
  161  8:54  Supply Depot, Marauder, Marine  
  170  9:02  Marauder, Marine  
  173  9:07  Barracks, Marine x3  
  173  9:09  Barracks x2  
  176  9:11  Siege Tank  
  176  9:12  Marine  
  176  9:14  Medivac  
  176  9:15  Marine  
  183  9:20  Supply Depot, Marauder  
  183  9:23  Marine  
  186  9:25  Marine x2  
  186  9:26  Marine  
  186  9:30  Marine  
  190  9:33  Marauder  
  200  9:50  Barracks  
  200  9:53  Barracks  
Show
View Real Time Build Order
Export as new Build Order

A.I. 1 (Very Easy) Protoss - Winner!

Build Orders: 1 Gate Expand, Nexus First 

Get SALT Encoding   

  12  0:01  Probe (Chrono Boost)  
  13  0:11  Probe (Chrono Boost)  
  14  0:20  Pylon  
  14  0:42  Gateway  
  14  1:02  Nexus  
  14  1:20  Pylon  
  14  1:24  Assimilator  
  14  1:28  Zealot  
  16  1:38  Cybernetics Core  
  16  1:39  Probe (Chrono Boost)  
  17  1:51  Probe (Chrono Boost)  
  18  2:01  Probe (Chrono Boost), Assimilator  
  19  2:12  Probe (Chrono Boost)  
  19  2:14  Stalker  
  19  2:16  Probe (Chrono Boost)  
  19  2:20  Warp Gate  
  23  2:25  Probe (Chrono Boost)  
  24  2:31  Probe (Chrono Boost)  
  25  2:38  Probe (Chrono Boost)  
  26  2:53  Probe (Chrono Boost)  
  26  2:54  Assimilator  
  26  2:56  Pylon  
  27  3:00  Probe (Chrono Boost)  
  28  3:08  Probe (Chrono Boost)  
  29  3:14  Probe (Chrono Boost), Robotics Facility  
  30  3:24  Zealot  
  33  3:28  Probe (Chrono Boost)  
  33  3:34  Probe (Chrono Boost)  
  35  3:42  Probe (Chrono Boost)  
  36  3:48  Probe (Chrono Boost)  
  37  3:56  Probe (Chrono Boost)  
  37  4:00  Observer  
  39  4:02  Probe (Chrono Boost)  
  40  4:11  Probe (Chrono Boost)  
  41  4:17  Probe (Chrono Boost)  
  41  4:19  Observer  
  43  4:24  Probe (Chrono Boost)  
  43  4:30  Assimilator  
  44  4:31  Probe (Chrono Boost)  
  44  4:34  Sentry  
  47  4:39  Probe (Chrono Boost)  
  47  4:43  Pylon  
  48  4:45  Probe (Chrono Boost)  
  49  4:53  Probe (Chrono Boost)  
  50  5:00  Probe (Chrono Boost)  
Tags
 
Add a new tag
Caveats
  • Supply blocks, unpowered buildings, or Contaminate may cause inaccurate times.
  • Supply counts are checked every 10 seconds.